 Dungeon Crawl Stone Soup version 0.21.1 (webtiles) character file.

2190 Zhenya24pyc the Basher (level 9, 0/57 HPs)
             Began as a Gargoyle Fighter on Feb 2, 2018.
             Was a Priest of Okawaru.
             Slain by a killer bee (4 damage)
             ... on level 7 of the Dungeon.
             The game lasted 00:08:14 (5063 turns).

Zhenya24pyc the Basher (Gargoyle Fighter)           Turns: 5063, Time: 00:08:15

Health: 0/57       AC: 14    Str: 22    XL:     9   Next: 33%
Magic:  11/11      EV:  9    Int: 10    God:    Okawaru [***...]
Gold:   319        SH:  9    Dex:  9    Spells: 8/8 levels left

rFire    . . .     SeeInvis .   y - +0 flail (holy)
rCold    . . .     Gourm    .   c - +0 shield
rNeg     + + .     Faith    .   b - +0 scale mail
rPois    ∞         Spirit   .   (no helmet)
rElec    +         Reflect  .   a - +0 cloak
rCorr    .         Harm     .   (no gloves)
MR       .....                  (no boots)
Stlth    ..........             e - amulet of rage
HPRegen  0.19/turn              q - ring of positive energy
MPRegen  0.12/turn              (no ring)

@: no status effects
A: negative energy resistance 1, electricity resistance, unbreathing,
petrification resistance, rot immunity, AC +6
a: Heroism, Renounce Religion, Evoke Berserk Rage


You were on level 7 of the Dungeon.
You worshipped Okawaru.
Okawaru was most pleased with you.
You were not hungry.

You visited 2 branches of the dungeon, and saw 8 of its levels.

You collected 345 gold pieces.
You spent 26 gold pieces at shops.

Inventory:

Hand Weapons
 y - a +0 flail of holy wrath (weapon)
Armour
 a - a +0 cloak (worn)
 b - a +0 scale mail (worn)
 c - a +0 shield (worn)
Jewellery
 e - an amulet of rage (around neck)
 q - a ring of positive energy (left hand)
Scrolls
 g - 2 scrolls of amnesia {unknown}
 i - 3 scrolls of fear {i, unknown}
 j - 4 scrolls of teleportation {unknown}
 l - a scroll of blinking {unknown}
 n - 2 scrolls of enchant weapon {unknown}
 u - 4 scrolls of random uselessness {unknown}
 v - a scroll of immolation {unknown}
 w - 4 scrolls of identify {unknown}
 z - 2 scrolls of magic mapping {unknown}
Potions
 d - a potion of might
 h - 3 potions of heal wounds {unknown}
 k - 3 potions of invisibility {unknown}
 m - a potion of degeneration {unknown}
 o - 2 potions of brilliance {unknown}
 p - a potion of curing {unknown}
 r - a potion of mutation {unknown}
 s - 4 potions of flight {unknown}
 t - a potion of haste {unknown}
 x - a potion of lignification {unknown}
 A - a potion of magic {unknown}
Comestibles
 f - 9 rations
 B - 4 chunks of flesh


   Skills:
 + Level 7.5 Fighting
 * Level 9.0 Maces & Flails
 - Level 3.2 Armour
 + Level 3.8 Dodging
 - Level 3.2 Shields
 + Level 2.7 Invocations


You had 8 spell levels left.
You didn't know any spells.

Dungeon Overview and Level Annotations

Branches:
Dungeon (7/15)             Temple (1/1) D:4

Altars:
Elyvilon
Fedhas
Gozag
Hepliaklqana
Kikubaaqudgha
Nemelex Xobeh
Okawaru
Sif Muna
Trog
Uskayaw
Vehumet
Wu Jian
Xom
Yredelemnul
The Shining One

Shops:
D:6 *


Innate Abilities, Weirdness & Mutations

You are resistant to torment.
Your stone body is resilient. (AC +6)
You are immune to poison.
You resist negative energy. (rN+)
You are resistant to electric shocks. (rElec)
You can survive without breathing.
You are immune to petrification.
You are immune to rotting.


Message History

You see here 32 bolts.
The killer bee stings you but does no damage.
The killer bee stings you.
* * * LOW HITPOINT WARNING * * *
You block the killer bee's attack. The killer bee barely misses you.
You block the killer bee's attack. The killer bee barely misses you.
You block the killer bee's attack.
You block the killer bee's attack. x3; The killer bee closely misses you.
The killer bee stings you.
* * * LOW HITPOINT WARNING * * *
The killer bee stings you but does no damage. x2
The killer bee stings you but does no damage. x2
The killer bee closely misses you.
The killer bee stings you but does no damage.
You block the killer bee's attack.
The killer bee stings you but does no damage.
The killer bee barely misses you.
The killer bee stings you but does no damage.
The killer bee stings you.
You die...

...#.# #.#.### ...#.#
#.#...# .....## #.....#
...#..# #..##.#######
...#..########...........#
..##........##.....#####.#
####........##...#.#<....#
p....)(.%....#####.#######
.....%..(.....yy@.>..#
.............yy#####.#
...............#<....#
......#######..#######
####..# #..# #..# #..#
##.# #.## #.# #..


You could see 4 killer bees.

Vanquished Creatures
  Pikel (D:7)
  The ghost of teukkam the Twirler, a novice GnWn (D:6)
  2 ice beasts
  A sky beast (D:7)
  A phantom (D:7)
  2 ogres
  A big kobold (D:7)
  A bullfrog (D:7)
  3 scorpions
  3 hounds
  A jelly (D:5)
  2 orc wizards (D:6)
  Jessica (D:3)
  6 worker ants (D:5)
  8 gnolls
  8 adders
  3 shadow imps
  An ooze (D:6)
  An adder zombie (D:4)
  An adder skeleton (D:5)
  2 worms
  2 dart slugs
  5 leopard geckos
  25 orcs
  A ball python (D:5)
  3 giant cockroaches
  7 goblins
  4 hobgoblins (D:1)
  6 jackals
  2 quokkas (D:6)
  8 bats
  4 frilled lizards
  9 kobolds
  7 rats
133 creatures vanquished.

Vanquished Creatures (others)
  A slave (D:7)
  A hound (D:7)
  2 orc wizards (D:7)
4 creatures vanquished.

Grand Total: 137 creatures vanquished

Notes
Turn   | Place    | Note
-------+----------+-------------------------------------------
     0 | D:1      | Zhenya24pyc the Gargoyle Fighter began the quest for the Orb.
     0 | D:1      | Reached XP level 1. HP: 14/14 MP: 1/1
    77 | D:1      | Reached XP level 2. HP: 10/19 MP: 2/2
   523 | D:1      | Reached XP level 3. HP: 23/23 MP: 3/3
   885 | D:2      | Reached skill level 3 in Maces & Flails
   887 | D:2      | Reached skill level 1 in Dodging
  1091 | D:2      | Reached XP level 4. HP: 29/29 MP: 4/4
  1271 | D:2      | Found a faded altar of an unknown god.
  1698 | D:3      | Reached XP level 5. HP: 29/33 MP: 5/5
  1739 | D:3      | Noticed Jessica
  1747 | D:3      | Killed Jessica
  1750 | D:3      | Reached skill level 4 in Maces & Flails
  2081 | D:3      | Reached XP level 6. HP: 34/39 MP: 6/6
  2280 | D:4      | Found a staircase to the Ecumenical Temple.
  2287 | Temple   | Entered the Ecumenical Temple
  2292 | Temple   | Became a worshipper of Warmaster Okawaru
  2555 | D:4      | Reached skill level 5 in Maces & Flails
  2602 | D:4      | Noticed a sky beast
  2768 | D:4      | Reached skill level 5 in Fighting
  3000 | D:5      | Entered Level 5 of the Dungeon
  3019 | D:5      | Reached * piety under Okawaru
  3019 | D:5      | Reached XP level 7. HP: 41/44 MP: 7/7
  3208 | D:5      | Reached skill level 6 in Maces & Flails
  3571 | D:5      | Reached XP level 8. HP: 39/51 MP: 8/8
  3621 | D:5      | Reached ** piety under Okawaru
  3652 | D:5      | Found a white marble altar of Elyvilon.
  4063 | D:6      | Reached skill level 7 in Maces & Flails
  4098 | D:6      | Found an ancient bone altar of Kikubaaqudgha.
  4194 | D:6      | Found Jeinocod's Assorted Antiques.
  4202 | D:6      | Bought a scroll labeled YMADUO YFUEDEX for 26 gold pieces
  4271 | D:6      | Found a bloodstained altar of Trog.
  4443 | D:6      | Found a hide-covered altar of Uskayaw.
  4452 | D:6      | Noticed teukkam's ghost (novice GnWn)
  4477 | D:6      | Killed teukkam's ghost
  4477 | D:6      | Reached skill level 8 in Maces & Flails
  4689 | D:6      | Found a blossoming altar of Fedhas.
  4877 | D:7      | Reached skill level 1 in Invocations
  4904 | D:7      | Reached XP level 9. HP: 38/57 MP: 10/10
  4952 | D:7      | Found an ornate altar of the Wu Jian Council.
  4969 | D:7      | Noticed Pikel
  4982 | D:7      | Killed Pikel
  4982 | D:7      | Reached *** piety under Okawaru
  4982 | D:7      | Reached skill level 9 in Maces & Flails
  5063 | D:7      | Slain by a killer bee

Skill      XL: |  1  2  3  4  5  6  7  8  9 |
---------------+----------------------------+-----
Maces & Flails | 3 4 5 6 8 9 |  9.0
Dodging        | 1 2 3 |  3.8
Fighting       | 4 5 7 |  7.5
Invocations    | 1 2 |  2.7
Armour         | |  3.2
Shields        | |  3.2

Action                   |  1- 3 |  4- 6 |  7- 9 || total
-------------------------+-------+-------+-------++-------
Melee: Flail             |   110 |   190 |   323 ||   623
 Abil: Evoke Berserk Rag |       |     1 |       ||     1
  Eat: Chunk             |     1 |     7 |     5 ||    13
       Ration            |       |       |     1 ||     1
Armor: Scale mail        |    78 |    91 |   198 ||   367
Dodge: Dodged            |    44 |    76 |   113 ||   233
Block: Shield            |    73 |    84 |   147 ||   304
